AoeStats
← SeemsFishy

Nomad

507703327Analyzed
4v4 RM · 13d ago on Sep 19, 2026· 54m 27s· 8 players
Game mode
Random Map
Map size
231×231
Population
200
Speed
Normal
Resources
Standard
Victory
Conquest
Starting age
Dark Age
Ending age
Imperial Age
RankedLock teamsTeams togetherTeam positionsShared explorationLock speedFull tech treeHidden civsTurbo modeCheats
Victory
Defeat
🇻🇳 Burgundians · Vietnam
1355
+17
🇨🇳 Britons · China
1339
+18
🇩🇪 Malay · Germany
1325
+18
🇨🇳 Celts · China
1287
+20
🇬🇧 Japanese · United Kingdom
1420
-20
🇨🇳 Persians · China
1395
-19
🇨🇳 Spanish · China
1389
-19
🇧🇪 Malay · Belgium
1289
-15
Melodies of Life
3:13 Loom
11:06 Double-Bit Axe
14:39 Feudal Age
13:33 Fishing Lines
15:38 Town Watch
18:42 Castle Age
17:36 Gold Mining
17:59 Bow Saw
18:04 Gillnets
18:19 Gold Mining
18:39 Stone Mining
24:48 Imperial Age
23:55 Two-Man Saw
23:19 Medium Warships
24:52 Scale Barding Armor
24:58 Forging
25:57 Conscription
26:24 Elite Coustillier
28:46 Scale Barding Armor
29:42 Heavy Warships
29:58 Chain Barding Armor
29:49 Forging
31:47 Plate Barding Armor
32:54 Iron Casting
33:28 Wheelbarrow
35:07 Blast Furnace
38:04 Hand Cart
37:56 Husbandry
39:15 Conscription
43:55 Fletching
45:16 Bodkin Arrow
46:24 Chemistry
45:05 Treadmill Crane
47:36 Ballistics
49:35 Burgundian Vineyards
50:54 Bombard Tower
51:23 Masonry
51:16 Bracer
51:37 Horse Collar
53:31 Hoardings
Fabulous_Fabian
4:36 Loom
13:22 Feudal Age
13:08 Double-Bit Axe
13:32 Gold Mining
16:19 Fishing Lines
20:07 Castle Age
18:24 Scale Barding Armor
19:00 Forging
20:36 Wheelbarrow
20:14 Medium Warships
21:36 Iron Casting
21:30 Gillnets
24:34 Bow Saw
29:21 Husbandry
31:30 Stone Mining
33:31 Fletching
35:30 Hand Cart
37:19 Stone Shaft Mining
38:06 Town Watch
40:43 Gold Shaft Mining
43:26 Imperial Age
43:15 Conscription
42:56 Horse Collar
44:38 Thalassocracy
44:45 Elite Karambit Warrior
47:24 Blast Furnace
46:59 Coinage
48:10 Elite Battle Elephant
49:48 Forced Levy
50:11 Heavy Plow
51:28 Pikeman
52:08 Squires
53:48 Crop Rotation
老头
7:03 Loom
14:06 Feudal Age
19:15 Castle Age
17:54 Double-Bit Axe
18:20 Horse Collar
20:29 Bow Saw
20:25 Heavy Plow
24:19 Fletching
26:05 Gold Mining
29:04 Wheelbarrow
28:59 Padded Archer Armor
35:08 Ballistics
37:49 Imperial Age
35:19 Stone Mining
40:51 Imperial Age
38:19 Crossbowman
41:27 Arbalester
43:02 Hand Cart
44:46 Chemistry
43:48 Bodkin Arrow
44:09 Leather Archer Armor
46:23 Leather Archer Armor
47:45 Gold Shaft Mining
47:40 Bracer
48:13 Ring Archer Armor
49:02 Yeomen
50:38 Warwolf
50:59 Conscription
51:20 Elite Skirmisher
cuilao8123
3:53 Loom
19:56 Feudal Age
21:31 Wheelbarrow
21:37 Gold Mining
22:55 Fishing Lines
25:18 Double-Bit Axe
28:50 Stone Mining
31:04 Castle Age
29:04 Horse Collar
30:09 Scale Mail Armor
30:20 Forging
32:41 Iron Casting
32:53 Gold Shaft Mining
32:36 Hand Cart
32:07 Town Watch
32:32 Scale Barding Armor
33:13 Bow Saw
33:05 Heavy Plow
34:58 Stone Shaft Mining
34:47 Chain Mail Armor
36:01 Arson
37:28 Gillnets
49:25 Imperial Age
49:33 Capped Ram
50:35 Conscription
50:27 Furor Celtica
49:38 Elite Woad Raider
50:51 Plate Mail Armor
51:22 Blast Furnace
50:54 Siege Ram
SeemsFishy
4:48 Loom
13:27 Feudal Age
14:15 Double-Bit Axe
20:20 Castle Age
19:32 Scale Mail Armor
19:58 Forging
19:13 Man-at-Arms
22:55 Long Swordsman
25:57 Pikeman
26:34 Horse Collar
34:31 Heavy Plow
34:46 Bow Saw
36:12 Fletching
37:23 Bodkin Arrow
41:42 Wheelbarrow
41:06 Gold Mining
43:05 Gold Shaft Mining
42:53 Town Watch
43:49 Stone Mining
44:24 Chain Mail Armor
47:10 Medium Warships
51:25 Hand Cart
Professor Chaos
4:45 Loom
17:40 Feudal Age
18:06 Wheelbarrow
17:19 Double-Bit Axe
21:00 Castle Age
19:06 Fishing Lines
21:50 Hand Cart
21:19 Horse Collar
22:26 Hand Cart
24:54 Heavy Plow
25:46 Town Watch
32:27 Imperial Age
30:06 Fletching
30:49 Bodkin Arrow
31:13 Gold Mining
32:52 Bracer
34:52 Ballistics
34:28 Pikeman
37:16 Forging
38:47 Iron Casting
38:49 Halberdier
39:34 Squires
41:04 Blast Furnace
45:01 Elite Skirmisher
49:29 Padded Archer Armor
50:32 Leather Archer Armor
51:55 Ring Archer Armor
XHK
5:40 Loom
14:30 Feudal Age
15:25 Double-Bit Axe
21:40 Castle Age
20:48 Fletching
22:16 Wheelbarrow
21:26 Town Watch
22:02 Bodkin Arrow
21:30 Crossbowman
22:04 Gold Mining
23:05 Bow Saw
23:52 Padded Archer Armor
28:44 Leather Archer Armor
30:02 Ballistics
30:00 Thumb Ring
32:09 Gold Shaft Mining
31:57 Horse Collar
42:12 Imperial Age
39:58 Hand Cart
41:21 Heavy Plow
43:11 Scale Barding Armor
43:17 Forging
43:44 Heavy Camel Rider
44:35 Bloodlines
44:25 Husbandry
45:33 Chain Barding Armor
45:48 Iron Casting
46:48 Plate Barding Armor
49:01 Iron Casting
51:01 Cavalier
53:27 Blast Furnace
52:34 Savar
菜菜
8:53 Loom
14:41 Feudal Age
18:56 Castle Age
17:38 Double-Bit Axe
19:00 Horse Collar
21:16 Bow Saw
24:28 Padded Archer Armor
27:02 Wheelbarrow
32:55 Imperial Age
32:08 Heavy Plow
32:28 Hand Cart
32:56 Leather Archer Armor
33:46 Forging
34:15 Bloodlines
35:01 Ring Archer Armor
35:19 Conscription
36:49 Elite Conquistador
37:35 Heavy Plow
38:40 Ballistics
39:47 Gold Mining
39:48 Stone Mining
40:23 Masonry
40:22 Capped Ram
44:17 Husbandry
45:30 Forging
45:26 Scale Barding Armor
45:11 Fletching
46:26 Chemistry
44:57 Pikeman
47:27 Stone Shaft Mining
48:09 Scale Mail Armor
48:45 Iron Casting
48:31 Chain Barding Armor
48:07 Bodkin Arrow
49:22 Two-Man Saw
48:04 Halberdier
50:07 Gambesons
50:53 Supremacy
51:30 Chain Mail Armor
52:16 Blast Furnace
51:52 Plate Barding Armor
50:42 Light Cavalry
51:42 Squires
52:18 Hussar
Connection lost

Rejoining the realm…

Still unreachable

The connection could not be restored.

Session expired

The server has moved on; the page needs a fresh start.